 Dungeon Crawl Stone Soup version 0.30-a0-723-gc1506a1cf0 (webtiles) character file.

Game seed: 10192203428775644123

4745 jimonade the Slicer (level 10, -2/49 HPs)
             Began as a Vine Stalker Brigand on Jan 29, 2023.
             Was an Elder of Uskayaw.
             Slain by a skeletal warrior
             ... wielding a +0 short sword of venom
              (4 damage)
             ... on level 8 of the Dungeon.
             The game lasted 00:23:09 (7353 turns).

jimonade the Slicer (Vine Stalker Brigand)          Turns: 7353, Time: 00:23:09

Health: -2/49      AC:  9    Str: 13    XL:     10   Next: 46%
Magic:  0/16       EV: 13    Int: 11    God:    Uskayaw [****..]
Gold:   325        SH:  0    Dex: 21    Spells: 16/16 levels left

rFire   . . .      SeeInvis .    b - +3 hand axe (elec)
rCold   . . .      Faith    .    (no shield)
rNeg    . . .      Spirit   +    e - +1 leather armour {Will+}
rPois   +          Reflect  .    x - +0 helmet
rElec   .          Harm     .    c - +1 cloak
rCorr   .          Rampage  .    O - +1 pair of gloves
Will    ++...                    (no boots)
Stlth   ++++                     (no amulet)
HPRegen 1.08/turn                w - ring of poison resistance
MPRegen 0.15/turn                (no ring)

@: lethally poisoned (-2 -> -7)
A: fangs 3, regeneration 1, magic shield, antimagic bite, no potion heal 2
a: Renounce Religion, Stomp, Line Pass


You were on level 8 of the Dungeon.
You worshipped Uskayaw.
Uskayaw was noncommittal.
You visited 2 branches of the dungeon, and saw 9 of its levels.

You collected 325 gold pieces.

Inventory:

Hand Weapons
 a - a +3 dagger
 b - a +3 hand axe of electrocution (weapon)
 q - a +1 falchion of holy wrath
 F - a +0 shortbow
 I - a +1 short sword of speed
Missiles
 r - 18 poisoned darts (quivered)
 s - a throwing net
 v - 6 boomerangs
 y - 2 curare-tipped darts
Armour
 c - a +1 cloak (worn)
 e - a +1 leather armour of willpower (worn)
 x - a +0 helmet (worn)
 z - a +2 leather armour of cold resistance
 G - a +0 robe
 J - a +0 chain mail
 O - a +1 pair of gloves (worn)
Magical Staves
 k - a staff of fire
Jewellery
 w - a ring of poison resistance (left hand)
 H - a ring of ice
Wands
 d - a wand of flame (22)
 u - a wand of digging (3)
 E - a wand of charming (6)
Scrolls
 f - a scroll of fear
 i - a scroll of torment
 j - 9 scrolls of identify
 l - a scroll of enchant armour
 m - a scroll of fog
 o - 4 scrolls of teleportation
Potions
 g - a potion of cancellation
 h - 2 potions of curing
 n - a potion of berserk rage {unknown}
 p - a potion of attraction {unknown}
 t - a potion of invisibility {unknown}
 A - a potion of mutation {unknown}
 B - a potion of degeneration {unknown}
 C - a potion of haste {unknown}
 D - a potion of magic {unknown}
 K - a potion of brilliance {unknown}
 M - a potion of ambrosia {unknown}
 N - 2 potions of resistance {unknown}


   Skills:
 + Level 3.5 Fighting
 - Level 10.0 Short Blades
 + Level 5.3 Axes
 - Level 1.7 Throwing
 + Level 2.9 Dodging
 + Level 7.0 Stealth
 - Level 3.6 Spellcasting
 * Level 4.5 Invocations


You had 16 spell levels left.
You didn't know any spells.
Your spell library contained the following spells:

 Spells                   Type           Power      Damage    Failure   Level
 Blink                    Tloc           4%         N/A       43%         2
 Ensorcelled Hibernation  Hex/Ice        4%         N/A       43%         2
 Lesser Beckoning         Tloc           4%         N/A       43%         2
 Momentum Strike          Conj/Tloc      4%         3d8       43%         2
 Portal Projectile        Hex/Tloc       4%         N/A       67%         3
 Spider Form              Tmut/Pois      2%         N/A       67%         3
 Tukima's Dance           Hex            2%         N/A       67%         3
 Anguish                  Hex/Necr       1%         N/A       97%         4
 Blade Hands              Tmut           1%         N/A       100%        5


Dungeon Overview and Level Annotations

Branches:
Dungeon (8/15)             Temple (1/1) D:6
   Lair: D:8-11

Altars:
Ashenzari
Cheibriados
Dithmenos
Elyvilon
Fedhas
Gozag
Hepliaklqana
Makhleb
Nemelex Xobeh
Okawaru
Qazlal
Ru
Sif Muna
Trog
Uskayaw
Vehumet
Wu Jian
Xom
Yredelemnul
Zin


Innate Abilities, Weirdness & Mutations

You have razor-sharp teeth.
Your natural rate of healing is unusually fast.
When hurt, damage is shared between your health and your magic reserves.
Your bite disrupts and absorbs the magic of your enemies.
Potions cannot restore your health.


Message History

Your Stealth skill increases to level 7!
You hit the skeletal warrior but do no damage.
Lightning courses through the skeletal warrior!
You bite the skeletal warrior, but do no damage.
The skeletal warrior is moderately damaged.
The skeletal warrior hits you with a +0 short sword of venom!
You are poisoned.
Uskayaw will force your foes to helplessly watch your dance.
Uskayaw prepares the audience for your solo!
The helpless skeletal warrior fails to defend itself.
You hit the skeletal warrior but do no damage.
Lightning courses through the skeletal warrior!
The skeletal warrior is heavily damaged.
You feel very sick.
The skeletal warrior is no longer paralysed.
The skeletal warrior barely misses you.
You are too injured to fight recklessly!
You are too injured to fight recklessly!
You are too injured to fight recklessly!
You hit the skeletal warrior.
Lightning courses through the skeletal warrior!!
Your bite misses the skeletal warrior.
The skeletal warrior is severely damaged.
You feel very sick.
The skeletal warrior hits you with a +0 short sword of venom!
* * * LOW HITPOINT WARNING * * *
You are lethally poisoned!
Uskayaw will force your foes to share their pain.
You hit the skeletal warrior.
The skeletal warrior is severely damaged.
* * * LOW HITPOINT WARNING * * *
You feel very sick.
The skeletal warrior hits you but does no damage.
You hit the skeletal warrior but do no damage.
Lightning courses through the skeletal warrior!
The skeletal warrior is almost destroyed.
* * * LOW HITPOINT WARNING * * *
You feel very sick.
The skeletal warrior hits you with a +0 short sword of venom!
You die...

#..##†##..#..#
#.#..#..#.#..#
##..#.##.#...#
#..#.#.#.##..#
#.###)###.#..#
##.#.#.# ##..#
##.##### ...#
#.#z.# .#..#
#.@##.# .#..#
#.†### # #
#..# #.. #..
#.. #.< #.# #.


You could see a skeletal warrior.

Vanquished Creatures
  A cyclops (D:7)
  2 hornets (D:8)
  Prince Ribbit (D:8)
  Sigmund (D:3)
  3 wraiths (D:8)
  Edmund (D:3)
  Duvessa (D:4)
  A black bear (D:5)
  An orc warrior (D:8)
  3 sky beasts
  An ogre (D:5)
  A centaur (D:6)
  3 phantoms
  A kobold brigand (D:7)
  Blork the orc (D:5)
  2 necrophages
  A scorpion (D:6)
  4 wights (D:6)
  Dowan (D:4)
  10 killer bees (D:8)
  An electric eel (D:7)
  A gnoll bouda (D:7)
  3 hounds
  6 orc priests
  3 jellies
  Crazy Yiuf (D:4)
  5 iguanas
  8 orc wizards
  Terence (D:2)
  Robin (D:4)
  7 gnolls
  6 adders
  2 white imps
  An ufetubus (D:6)
  2 worms
  25 orcs
  5 ball pythons
  9 endoplasms
  3 giant cockroaches (D:1)
  9 goblins
  8 hobgoblins
  7 jackals (D:1)
  2 quokkas
  4 bats
  A frilled lizard (D:1)
  5 kobolds
  5 rats
171 creatures vanquished.

Notes
Turn   | Place    | Note
-------+----------+-------------------------------------------
     0 | D:1      | jimonade the Vine Stalker Brigand began the quest for the
                  | Orb.
     0 | D:1      | Reached XP level 1. HP: 11/11 MP: 2/2
    81 | D:1      | Reached skill level 2 in Short Blades
   153 | D:1      | Reached XP level 2. HP: 15/15 MP: 3/3
   462 | D:1      | Reached skill level 3 in Short Blades
   468 | D:1      | Reached XP level 3. HP: 16/18 MP: 4/4
  1047 | D:2      | Gained mutation: Your natural rate of healing is unusually
                  | fast. [Vine Stalker growth]
  1047 | D:2      | Reached XP level 4. HP: 23/23 MP: 5/5
  1075 | D:2      | Noticed Terence
  1106 | D:2      | Killed Terence
  1107 | D:2      | Reached skill level 4 in Short Blades
  1967 | D:3      | Found a basalt altar of Yredelemnul.
  1979 | D:3      | Reached XP level 5. HP: 26/26 MP: 6/6
  2016 | D:3      | Found a shimmering altar of Xom.
  2160 | D:3      | Found a burning altar of Makhleb.
  2160 | D:3      | Noticed a balrug
  2202 | D:3      | Noticed Sigmund
  2246 | D:3      | Killed Sigmund
  2247 | D:3      | Reached skill level 5 in Short Blades
  2247 | D:3      | Reached XP level 6. HP: 30/30 MP: 7/7
  2749 | D:4      | Noticed Edmund
  2753 | D:4      | Noticed Dowan
  2755 | D:4      | Noticed Duvessa
  2769 | D:3      | Killed Edmund
  2770 | D:3      | Reached skill level 6 in Short Blades
  3016 | D:4      | Noticed Robin
  3054 | D:4      | Killed Robin
  3055 | D:4      | Reached XP level 7. HP: 31/34 MP: 8/8
  3170 | D:4      | Reached skill level 7 in Short Blades
  3273 | D:4      | Killed Dowan
  3342 | D:5      | Entered Level 5 of the Dungeon
  3552 | D:5      | Found an opulent altar of Gozag.
  3552 | D:5      | Noticed Blork the orc
  3574 | D:5      | Killed Blork the orc
  3575 | D:5      | Reached skill level 8 in Short Blades
  3648 | D:5      | Gained mutation: You have razor-sharp teeth. [Vine Stalker
                  | growth]
  3648 | D:5      | Reached XP level 8. HP: 20/38 MP: 7/9
  4030 | D:5      | Reached skill level 9 in Short Blades
  4127 | D:4      | Killed Duvessa
  4316 | D:4      | Found a runed translucent door.
  4317 | D:4      | Noticed Crazy Yiuf
  4472 | D:4      | Killed Crazy Yiuf
  4815 | D:6      | Reached skill level 10 in Short Blades
  4875 | D:6      | Reached skill level 1 in Dodging
  4875 | D:6      | Reached skill level 1 in Spellcasting
  4875 | D:6      | Reached skill level 1 in Invocations
  4902 | D:6      | Reached skill level 5 in Stealth
  4902 | D:6      | Reached XP level 9. HP: 34/42 MP: 8/12
  5145 | D:6      | Found a staircase to the Ecumenical Temple.
  5150 | Temple   | Entered the Ecumenical Temple
  5231 | Temple   | Became a worshipper of Uskayaw the Reveller
  5461 | D:4      | Reached * piety under Uskayaw
  5463 | D:4      | Reached ** piety under Uskayaw
  5465 | D:4      | Reached skill level 1 in Axes
  5643 | D:7      | Reached *** piety under Uskayaw
  5860 | D:7      | Noticed a cyclops
  5882 | D:7      | Killed a cyclops
  6213 | D:7      | Identified the +1 scimitar of Extremism {heavy, *Slow
                  | +Blink rElec rPois}
  6242 | D:7      | Reached **** piety under Uskayaw
  6624 | D:7      | Found a white marble altar of Elyvilon.
  7015 | D:8      | Noticed a hornet
  7030 | D:8      | Killed a hornet
  7030 | D:8      | Reached ***** piety under Uskayaw
  7031 | D:8      | Reached XP level 10. HP: 15/49 MP: 11/16
  7131 | D:8      | Noticed Prince Ribbit
  7145 | D:8      | Killed Prince Ribbit
  7265 | D:8      | Found the +5 scythe "Finisher" {speed, eviscerate}
  7280 | D:8      | Reached skill level 5 in Axes
  7339 | D:8      | Noticed a skeletal warrior
  7353 | D:8      | HP: 2/49 [poisoned by a skeletal warrior]
  7353 | D:8      | Slain by a skeletal warrior

Illustrated notes

Levels and vault maps discovered:
D:1:      dpeg_arrival_shrine, layout_loops_ring
D:2:      layout_loops_ring, kennysheep_crisscross, uniq_terence
D:3:      layout_basic, mainiacjoe_overflow_catwalk_spiral,
          makhleb_altar_promises_db, uniq_sigmund
D:4:      layout_cave_pools, uniq_crazy_yiuf_cottage, uniq_edmund, uniq_robin,
          uniq_duvessa
D:5:      layout_rooms, mainiacjoe_overflow_catwalk, uniq_blork_the_orc
D:6:      layout_rooms, minmay_temple_entry_nine_rooms, small_statue_alley_b,
          minmay_checkerbox
D:7:      layout_basic, nicolae_elyvilon_temple_path
D:8:      layout_basic, minmay_guarded_unrand_finisher, uniq_prince_ribbit1
Temple:   hellmonk_temple_of_storms

Skill      XL: |  1  2  3  4  5  6  7  8  9 10 |
---------------+-------------------------------+-----
Short Blades   | 2 3 4 5 6 8 10 | 10.0
Fighting       | 2 3 |  3.5
Dodging        | 1 2 |  2.9
Spellcasting   | 1 3 |  3.6
Invocations    | 1 3 4 |  4.5
Stealth        | 5 6 7 |  7.0
Axes           | 3 5 |  5.3
Throwing       | |  1.7

Action                     |  1- 3 |  4- 6 |  7- 9 | 10-12 || total
---------------------------+-------+-------+-------+-------++-------
  Melee: Dagger            |    79 |   115 |   209 |       ||   403
         Bite              |    18 |    30 |   139 |    34 ||   221
         Punch             |     1 |     1 |     5 |     1 ||     8
         Hand axe          |       |       |   156 |   102 ||   258
         Falchion          |       |       |     5 |       ||     5
  Throw: Dart              |       |    11 |    21 |       ||    32
    Use: Scroll            |       |    10 |     4 |       ||    14
   Stab: Sleeping          |     8 |     9 |    13 |     1 ||    31
         Paralysed         |       |       |     4 |     5 ||     9
 Armour: Robe              |     6 |       |       |       ||     6
         Ring mail         |    13 |    24 |    16 |       ||    53
         Leather armour    |       |       |    72 |    37 ||   109
  Dodge: Dodged            |    31 |    27 |   176 |    50 ||   284

Table legend: (Time is in decaauts)
 A = Elapsed time spent in this place.
 B = Non-inter-level travel time spent in this place.
 C = Inter-level travel time spent in this place.
 D = Time resting spent in this place.
 E = Time spent auto-exploring this place.
 F = Levels seen in this place.
 G = Mean time per level.
                   A        B        C        D        E       F      G
               +--------+--------+--------+--------+--------+-----+--------+
         Total |   7294 |   6815 |    479 |    491 |   3853 |   9 |  810.4 |
       Dungeon |   7207 |   6732 |    475 |    491 |   3831 |   8 |  900.9 |
        Temple |     86 |     82 |      4 |      0 |     22 |   1 |   86.0 |
               +--------+--------+--------+--------+--------+-----+--------+

Top non-repeatable levels by time:
     D:3: 1326 daAuts
     D:7: 1166 daAuts
     D:6: 957 daAuts
     D:5: 858 daAuts
     D:2: 833 daAuts
     D:1: 824 daAuts
     D:4: 785 daAuts
     D:8: 456 daAuts
  Temple: 86 daAuts
